[Event "23rd ETCC Open 2021"]
[Site "Catez"]
[Date "2021.11.12"]
[Round "1.16"]
[White "Seo, Jung Min"]
[Black "Teclaf, Pawel"]
[Result "1/2-1/2"]
[ECO "E15"]
[WhiteElo "2455"]
[BlackElo "2543"]
[Annotator "ChessBase"]
[PlyCount "60"]
[EventDate "2021.11.08"]
[EventType "team-tourn"]
[EventCountry "SLO"]
[SourceTitle "playchess.com"]
[Source "ChessBase"]
[SourceQuality "1"]
[WhiteTeam "Sweden"]
[BlackTeam "Poland"]
[WhiteTeamCountry "SWE"]
[BlackTeamCountry "POL"]
[TimeControl "40/5400+30:1800+30"]

1. d4 Nf6 2. c4 e6 3. Nf3 b6 4. g3 Ba6 5. b3 Bb7 6. Bg2 Bb4+ 7. Bd2 a5 8. O-O
O-O 9. Nc3 d6 10. d5 Bxc3 11. Bxc3 e5 12. Nd2 b5 13. cxb5 Nxd5 14. Bb2 Qc8 15.
Nc4 Nf6 16. Bxb7 Qxb7 17. b6 d5 18. Nxe5 Qxb6 19. Qc2 c5 20. Nd3 Na6 21. Bxf6
Qxf6 22. Rac1 Rac8 23. Nf4 d4 24. Nd3 Nb4 25. Qd2 Qb6 26. Nxb4 axb4 27. e3 dxe3
28. Qxe3 Rfe8 29. Qf3 Qa6 30. Rc2 g6 1/2-1/2

[Event "23rd ETCC Open 2021"]
[Site "Catez"]
[Date "2021.11.12"]
[Round "1.20"]
[White "Haria, Ravi"]
[Black "Notkevich, Benjamin Arvola"]
[Result "1/2-1/2"]
[ECO "B40"]
[WhiteElo "2497"]
[BlackElo "2471"]
[Annotator "ChessBase"]
[PlyCount "131"]
[EventDate "2021.11.08"]
[EventType "team-tourn"]
[EventCountry "SLO"]
[SourceTitle "playchess.com"]
[Source "ChessBase"]
[SourceQuality "1"]
[WhiteTeam "England"]
[BlackTeam "Norway"]
[WhiteTeamCountry "ENG"]
[BlackTeamCountry "NOR"]
[TimeControl "40/5400+30:1800+30"]

1. e4 c5 2. Nf3 e6 3. g3 Nc6 4. Bg2 Nf6 5. Nc3 d5 6. exd5 exd5 7. d4 Bg4 8. h3
Bxf3 9. Qxf3 cxd4 10. Nxd5 Nxd5 11. Qxd5 Bb4+ 12. Bd2 Qb6 13. Qe4+ Be7 14. O-O
O-O 15. Rab1 Rac8 16. b4 Bf6 17. Rfe1 Rfd8 18. a4 Ne5 19. a5 Qb5 20. Qf5 d3 21.
c3 a6 22. Be4 h6 23. Re3 Kf8 24. Qh7 g6 25. Ree1 Bg7 26. Bxh6 Bxh6 27. Qxh6+
Kg8 28. Qd2 Nc4 29. Qf4 Nd6 30. Qd2 Nc4 31. Qf4 Rd7 32. Red1 d2 33. Bg2 Qe5 34.
Qg4 Rcc7 35. Bf1 Qxc3 36. Bxc4 Qxc4 37. Qxc4 Rxc4 38. Kf1 Rd5 39. Rb2 Kg7 40.
Ke2 Re4+ 41. Kf3 f5 42. Rdxd2 Rxd2 43. Rxd2 Rxb4 44. h4 Kf7 45. Rd7+ Ke6 46.
Rg7 Kf6 47. Rd7 Ke5 48. Re7+ Kf6 49. Rd7 g5 50. hxg5+ Kxg5 51. Rg7+ Kf6 52. Rc7
Ke6 53. Rc5 Kf6 54. Ke3 Kg5 55. f3 Kf6 56. Rd5 Ke6 57. Rc5 Ra4 58. Rc7 Rb4 59.
Rc5 Ra4 60. Rc7 Rxa5 61. Rxb7 Ra4 62. Rb8 Kf6 63. Rf8+ Ke6 64. Re8+ Kf6 65.
Rf8+ Ke6 66. Re8+ 1/2-1/2

[Event "23rd ETCC Open 2021"]
[Site "Catez"]
[Date "2021.11.12"]
[Round "1.24"]
[White "Pantsulaia, Levan"]
[Black "Van den Doel, Erik"]
[Result "1-0"]
[ECO "A11"]
[WhiteElo "2571"]
[BlackElo "2594"]
[Annotator "ChessBase"]
[PlyCount "97"]
[EventDate "2021.11.08"]
[EventType "team-tourn"]
[EventCountry "SLO"]
[SourceTitle "playchess.com"]
[Source "ChessBase"]
[SourceQuality "1"]
[WhiteTeam "Georgia"]
[BlackTeam "Netherlands"]
[WhiteTeamCountry "GEO"]
[BlackTeamCountry "NED"]
[TimeControl "40/5400+30:1800+30"]

1. Nf3 d5 2. c4 c6 3. g3 Bg4 4. Bg2 e6 5. O-O Nf6 6. d3 Nbd7 7. cxd5 exd5 8. h3
Bh5 9. Nc3 Be7 10. Nh4 O-O 11. g4 Bg6 12. e4 dxe4 13. Nxg6 hxg6 14. dxe4 Nc5
15. Be3 Nfd7 16. Qe2 Ne6 17. Rad1 Qc7 18. f4 g5 19. fxg5 Rad8 20. Kh1 Bxg5 21.
Bxg5 Nxg5 22. Qe3 Ne6 23. Qxa7 Ndc5 24. Rxd8 Rxd8 25. b4 Rd2 26. Nb1 Re2 27.
Qa8+ Kh7 28. Qa3 Na6 29. Qb3 Qe5 30. a3 Nf4 31. Qxf7 Nxg2 32. Rf5 Re1+ 33. Kxg2
Qxe4+ 34. Kg3 Qd3+ 35. Kh4 Qd8+ 36. Kh5 Qd6 37. g5 Rg1 38. Nd2 Qg3 39. Qg6+ Kg8
40. Qe6+ Kh7 41. Re5 Qd3 42. Re4 Rxg5+ 43. Kxg5 Qxd2+ 44. Kh5 Qg2 45. Qg4 g6+
46. Kg5 Qd2+ 47. Kf6 Qf2+ 48. Rf4 Qb2+ 49. Rd4 1-0

[Event "23rd ETCC Open 2021"]
[Site "Catez"]
[Date "2021.11.12"]
[Round "1.40"]
[White "Nikcevic, Nebojsa"]
[Black "Kantor, Gergely"]
[Result "0-1"]
[ECO "D24"]
[WhiteElo "2385"]
[BlackElo "2566"]
[Annotator "ChessBase"]
[PlyCount "87"]
[EventDate "2021.11.08"]
[EventType "team-tourn"]
[EventCountry "SLO"]
[SourceTitle "playchess.com"]
[Source "ChessBase"]
[SourceQuality "1"]
[WhiteTeam "Montenegro"]
[BlackTeam "Hungary"]
[WhiteTeamCountry "MNE"]
[BlackTeamCountry "HUN"]
[TimeControl "40/5400+30:1800+30"]

1. d4 Nf6 2. c4 e6 3. Nf3 d5 4. Nc3 dxc4 5. e3 a6 6. a4 Bb4 7. Bxc4 O-O 8. O-O
b6 9. Qb3 a5 10. e4 Bxc3 11. bxc3 Nxe4 12. Re1 Bb7 13. Bd3 Nf6 14. Re3 Ng4 15.
Re2 Bxf3 16. gxf3 Nf6 17. Bf4 Nd5 18. Bg3 Nc6 19. Be4 Rc8 20. Rd1 Nce7 21. c4
Nf6 22. d5 exd5 23. cxd5 Qd7 24. Bxc7 Qxc7 25. d6 Qc5 26. dxe7 Rfe8 27. Qb5 g6
28. Bb7 Rc7 29. Qxc5 bxc5 30. Ba6 Rcxe7 31. Rxe7 Rxe7 32. Bb5 Kg7 33. Kf1 Re5
34. Rd8 Rf5 35. Ra8 Rxf3 36. Kg2 Rc3 37. Rxa5 Nd5 38. Ra7 Nf4+ 39. Kg1 Rc1+ 40.
Bf1 c4 41. f3 c3 42. Kf2 c2 43. Rc7 Nd5 44. Rc4 0-1

[Event "23rd ETCC Open 2021"]
[Site "Catez"]
[Date "2021.11.12"]
[Round "1.43"]
[White "Beukema, Stefan"]
[Black "Ter-Sahakyan, Samvel"]
[Result "0-1"]
[ECO "B90"]
[WhiteElo "2408"]
[BlackElo "2615"]
[Annotator "RC"]
[PlyCount "90"]
[EventDate "2021.11.08"]
[EventType "team-tourn"]
[EventCountry "SLO"]
[SourceTitle "playchess.com"]
[Source "ChessBase"]
[SourceQuality "1"]
[WhiteTeam "Belgium"]
[BlackTeam "Armenia"]
[WhiteTeamCountry "BEL"]
[BlackTeamCountry "ARM"]
[TimeControl "40/5400+30:1800+30"]

1. e4 c5 2. Nf3 d6 3. d4 cxd4 4. Nxd4 Nf6 5. Nc3 a6 6. h3 e5 7. Nde2 h5 8. g3
Be7 9. a4 Nc6 10. Bg2 Nb4 11. O-O Be6 12. f4 Rc8 13. Be3 Qd7 14. Kh2 h4 15. f5
Bc4 16. g4 d5 17. exd5 Nbxd5 18. Bf2 Nxc3 19. Nxc3 Bxf1 20. Qxf1 Qc7 21. Kh1
Bc5 22. g5 Nh5 23. Nd5 Qd8 24. Bxh4 Nf4 25. Nxf4 Rxh4 26. Re1 Kf8 27. Rxe5 Rxf4
28. Qxf4 Bd6 29. f6 gxf6 30. gxf6 Bxe5 31. Qxe5 Rxc2 32. Qg5 Qd1+ 33. Kh2 Qd6+
34. Kh1 Rxb2 35. Qg7+ Ke8 36. Qg8+ Qf8 37. Qh7 Rb6 38. Bxb7 Rxf6 39. Qd3 Qe7
40. Bg2 Qe1+ 41. Kh2 Qe5+ 42. Kh1 Qa1+ 43. Kh2 Qxa4 44. Qd5 Qf4+ 45. Kh1 Re6
0-1

[Event "23rd ETCC Open 2021"]
[Site "Catez"]
[Date "2021.11.12"]
[Round "1.45"]
[White "Nguyen, Thai Dai Van"]
[Black "Laurusas, Tomas"]
[Result "1-0"]
[ECO "C43"]
[WhiteElo "2594"]
[BlackElo "2553"]
[Annotator "ChessBase"]
[PlyCount "83"]
[EventDate "2021.11.08"]
[EventType "team-tourn"]
[EventCountry "SLO"]
[SourceTitle "playchess.com"]
[Source "ChessBase"]
[SourceQuality "1"]
[WhiteTeam "Czech Republic"]
[BlackTeam "Lithuania"]
[WhiteTeamCountry "CZE"]
[BlackTeamCountry "LTU"]
[TimeControl "40/5400+30:1800+30"]

1. e4 e5 2. Nf3 Nf6 3. d4 exd4 4. e5 Ne4 5. Qxd4 d5 6. exd6 Nxd6 7. Bd3 Nc6 8.
Qf4 g6 9. O-O Bg7 10. Re1+ Be6 11. Nc3 O-O 12. Be3 Qf6 13. Ng5 Bc4 14. Qh4 h6
15. Bxc4 Nxc4 16. Qxc4 hxg5 17. Nd5 Qxb2 18. Rab1 Ne5 19. Qa4 b5 20. Qe4 f5 21.
Nf6+ Bxf6 22. Qd5+ Nf7 23. Rxb2 Bxb2 24. Qxb5 Bf6 25. Qc4 Rfe8 26. Rb1 f4 27.
Bc5 Rad8 28. h4 gxh4 29. Qxf4 Kg7 30. Bxa7 g5 31. Qb4 Re2 32. Rc1 Ne5 33. Be3
c5 34. Qxc5 Ng4 35. Qc4 Rxe3 36. fxe3 Nxe3 37. Qe4 Nd1 38. Rb1 Bd4+ 39. Kh2 Nf2
40. Qe7+ Kg6 41. Qxd8 Ng4+ 42. Kh1 1-0

[Event "23rd ETCC Open 2021"]
[Site "Catez"]
[Date "2021.11.12"]
[Round "1.46"]
[White "Kazakouski, Valery"]
[Black "Krejci, Jan"]
[Result "1-0"]
[ECO "A09"]
[WhiteElo "2490"]
[BlackElo "2565"]
[Annotator "ChessBase"]
[PlyCount "85"]
[EventDate "2021.11.08"]
[EventType "team-tourn"]
[EventCountry "SLO"]
[SourceTitle "playchess.com"]
[Source "ChessBase"]
[SourceQuality "1"]
[WhiteTeam "Lithuania"]
[BlackTeam "Czech Republic"]
[WhiteTeamCountry "LTU"]
[BlackTeamCountry "CZE"]
[TimeControl "40/5400+30:1800+30"]

1. Nf3 d5 2. c4 d4 3. b4 Bg4 4. Qb3 e6 5. Bb2 Nc6 6. b5 Na5 7. Qa4 Bxf3 8. exf3
b6 9. f4 Qd7 10. g3 Rd8 11. Bg2 Bc5 12. d3 a6 13. Nd2 axb5 14. cxb5 Ne7 15. Rc1
Bd6 16. O-O O-O 17. Qxd4 Nf5 18. Qa4 Be7 19. Bc3 Qxd3 20. Be4 Qd7 21. Bxa5 bxa5
22. Nb3 Nd4 23. Rfd1 Ne2+ 24. Kf1 Qxd1+ 25. Rxd1 Nc3 26. Qc4 Rxd1+ 27. Kg2 Nxe4
28. Qxe4 Bb4 29. Qc4 g6 30. a4 Rc8 31. Nd4 Ra8 32. Nf3 Bd6 33. Qc6 Rd8 34. Qc3
Rb1 35. Qxa5 Ra1 36. Qa7 Ra2 37. Ng5 Rd7 38. Ne4 Rd8 39. Ng5 h6 40. Ne4 e5 41.
b6 Rc2 42. b7 Rb2 43. a5 1-0

[Event "23rd ETCC Open 2021"]
[Site "Catez"]
[Date "2021.11.12"]
[Round "1.47"]
[White "Zilka, Stepan"]
[Black "Klabis, Rokas"]
[Result "1-0"]
[ECO "E33"]
[WhiteElo "2593"]
[BlackElo "2353"]
[Annotator "ChessBase"]
[PlyCount "103"]
[EventDate "2021.11.08"]
[EventType "team-tourn"]
[EventCountry "SLO"]
[SourceTitle "playchess.com"]
[Source "ChessBase"]
[SourceQuality "1"]
[WhiteTeam "Czech Republic"]
[BlackTeam "Lithuania"]
[WhiteTeamCountry "CZE"]
[BlackTeamCountry "LTU"]
[TimeControl "40/5400+30:1800+30"]

1. d4 Nf6 2. c4 e6 3. Nc3 Bb4 4. Qc2 O-O 5. a3 Bxc3+ 6. Qxc3 d6 7. Nf3 Nc6 8.
b4 e5 9. dxe5 Nxe5 10. Nxe5 dxe5 11. Qxe5 Re8 12. Qb2 a5 13. f3 Nh5 14. g3 Ra6
15. Kf2 Qe7 16. c5 f5 17. e4 Rg6 18. e5 f4 19. Bc4+ Kh8 20. Bxf4 Nxf4 21. gxf4
Qh4+ 22. Ke3 Rf8 23. Qd4 Rg2 24. Ra2 Rxa2 25. Bxa2 Rd8 26. Qc4 axb4 27. Rd1 Rf8
28. Qxb4 c6 29. e6 Qxh2 30. Bb3 Re8 31. Qe4 Qb2 32. Bc2 g6 33. e7 Qc3+ 34. Ke2
Kg7 35. Rd8 Bf5 36. Qe5+ Qxe5+ 37. fxe5 Rxe7 38. Bxf5 gxf5 39. f4 Kf7 40. Rd6
Re6 41. a4 Re8 42. Rf6+ Kg7 43. Rxf5 Ra8 44. e6 Rxa4 45. Kf3 Ra3+ 46. Ke4 Ra1
47. Ke5 Rd1 48. e7 Rd5+ 49. Ke6 Rxf5 50. e8=Q Rxf4 51. Qd7+ Kg6 52. Qd3+ 1-0

[Event "23rd ETCC Open 2021"]
[Site "Catez"]
[Date "2021.11.12"]
[Round "1.48"]
[White "Brazdzionis, Andrius"]
[Black "Plat, Vojtech"]
[Result "0-1"]
[ECO "E94"]
[WhiteElo "2356"]
[BlackElo "2548"]
[Annotator "ChessBase"]
[PlyCount "88"]
[EventDate "2021.11.08"]
[EventType "team-tourn"]
[EventCountry "SLO"]
[SourceTitle "playchess.com"]
[Source "ChessBase"]
[SourceQuality "1"]
[WhiteTeam "Lithuania"]
[BlackTeam "Czech Republic"]
[WhiteTeamCountry "LTU"]
[BlackTeamCountry "CZE"]
[TimeControl "40/5400+30:1800+30"]

1. d4 d6 2. Nf3 Nf6 3. c4 Bf5 4. Nc3 c6 5. Nh4 Bc8 6. Nf3 g6 7. e4 Bg7 8. Be2
O-O 9. O-O Nbd7 10. Qc2 e5 11. d5 a5 12. Rd1 cxd5 13. cxd5 Nc5 14. Be3 b6 15.
Nd2 Ng4 16. Bxg4 Bxg4 17. f3 Bd7 18. Nc4 Qc7 19. a4 Rfc8 20. Nb5 Bxb5 21. axb5
Rab8 22. Na3 Qd7 23. Rac1 f5 24. exf5 gxf5 25. Qe2 e4 26. fxe4 fxe4 27. Rc4 Re8
28. Bxc5 bxc5 29. Rxe4 Rxe4 30. Qxe4 Bxb2 31. Nc4 Bd4+ 32. Kh1 a4 33. h3 Rxb5
34. Nxd6 Rb8 35. Nf5 Bf6 36. d6 a3 37. Qd5+ Kh8 38. Nh6 Qa4 39. Rd3 Qf4 40. Ng4
Rb1+ 41. Rd1 Rxd1+ 42. Qxd1 a2 43. d7 Qd4 44. Qxd4 cxd4 0-1

[Event "23rd ETCC Open 2021"]
[Site "Catez"]
[Date "2021.11.12"]
[Round "1.52"]
[White "Perunovic, Milos"]
[Black "Seitaj, Ilir"]
[Result "1-0"]
[ECO "C73"]
[WhiteElo "2541"]
[BlackElo "2351"]
[Annotator "ChessBase"]
[PlyCount "71"]
[EventDate "2021.11.08"]
[EventType "team-tourn"]
[EventCountry "SLO"]
[SourceTitle "playchess.com"]
[Source "ChessBase"]
[SourceQuality "1"]
[WhiteTeam "Serbia"]
[BlackTeam "Albania"]
[WhiteTeamCountry "SRB"]
[BlackTeamCountry "ALB"]
[TimeControl "40/5400+30:1800+30"]

1. e4 e5 2. Nf3 Nc6 3. Bb5 a6 4. Ba4 d6 5. Bxc6+ bxc6 6. d4 exd4 7. Qd2 d3 8.
Qxd3 c5 9. Nc3 Bb7 10. Bg5 Nf6 11. O-O-O Be7 12. Rhf1 O-O 13. Rfe1 Ng4 14. Bxe7
Qxe7 15. Qf1 Rab8 16. h3 Ne5 17. Nxe5 Qxe5 18. f4 Qe6 19. g4 Rfe8 20. Kb1 a5
21. e5 d5 22. f5 Qb6 23. Qf4 d4 24. Na4 Qb4 25. b3 Bd5 26. Ka1 Bc6 27. f6 h6
28. e6 Rxe6 29. Rxe6 Bxa4 30. Re2 Bb5 31. Rf2 g5 32. Qd2 Qa3 33. Rf5 Rb6 34.
Rxg5+ hxg5 35. Qxg5+ Kf8 36. Re1 1-0

[Event "23rd ETCC Open 2021"]
[Site "Catez"]
[Date "2021.11.12"]
[Round "1.54"]
[White "Nikolovski, Nikola"]
[Black "Bosiocic, Marin"]
[Result "1-0"]
[ECO "B30"]
[WhiteElo "2401"]
[BlackElo "2545"]
[Annotator "ChessBase"]
[PlyCount "125"]
[EventDate "2021.11.08"]
[EventType "team-tourn"]
[EventCountry "SLO"]
[SourceTitle "playchess.com"]
[Source "ChessBase"]
[SourceQuality "1"]
[WhiteTeam "Macedonia"]
[BlackTeam "Croatia"]
[WhiteTeamCountry "MKD"]
[BlackTeamCountry "CRO"]
[TimeControl "40/5400+30:1800+30"]

1. e4 c5 2. Nc3 Nc6 3. Bb5 Nd4 4. Nf3 e6 5. O-O a6 6. Bd3 Nc6 7. Nd5 d6 8. Ne3
Nf6 9. c3 Rg8 10. Bc2 g5 11. d4 g4 12. Nh4 cxd4 13. cxd4 Be7 14. d5 Nb4 15. Bb1
a5 16. a3 Na6 17. b4 Bd7 18. Bb2 axb4 19. axb4 Nxb4 20. dxe6 fxe6 21. Rxa8 Qxa8
22. Nc4 Qa6 23. e5 dxe5 24. Nxe5 Bb5 25. Re1 Nbd5 26. Qc1 Bd7 27. Bd3 Qa5 28.
Re2 Qb6 29. g3 Nb4 30. Bc4 Nbd5 31. Qa1 Rf8 32. Qa8+ Bd8 33. Nf5 Ne4 34. Bxd5
exf5 35. Nxd7 Qb5 36. Nf6+ Rxf6 37. Bxf6 Qxd5 38. Qxd8+ Qxd8 39. Bxd8 Kxd8 40.
Kg2 Kd7 41. f3 Nd6 42. fxg4 fxg4 43. Kf2 Nf7 44. Ke3 b5 45. Kf4 Nd6 46. Ke5 Kc6
47. Rc2+ Nc4+ 48. Kd4 Kd6 49. Rf2 Ke6 50. Kc5 Ne5 51. Re2 Kf5 52. Kxb5 h5 53.
Kc5 Nf3 54. Kc4 h4 55. Kd3 hxg3 56. hxg3 Ne5+ 57. Kd4 Nf3+ 58. Ke3 Ng5 59. Ra2
Nh3 60. Ra5+ Kg6 61. Ke4 Kf6 62. Ra8 Kg5 63. Ke5 1-0

[Event "23rd ETCC Open 2021"]
[Site "Catez"]
[Date "2021.11.12"]
[Round "1.55"]
[White "Stevic, Hrvoje"]
[Black "Lazov, Toni"]
[Result "1-0"]
[ECO "C41"]
[WhiteElo "2581"]
[BlackElo "2393"]
[Annotator "ChessBase"]
[PlyCount "71"]
[EventDate "2021.11.08"]
[EventType "team-tourn"]
[EventCountry "SLO"]
[SourceTitle "playchess.com"]
[Source "ChessBase"]
[SourceQuality "1"]
[WhiteTeam "Croatia"]
[BlackTeam "Macedonia"]
[WhiteTeamCountry "CRO"]
[BlackTeamCountry "MKD"]
[TimeControl "40/5400+30:1800+30"]

1. e4 d6 2. d4 Nf6 3. Nc3 e5 4. Nf3 Nbd7 5. Bc4 Be7 6. a4 O-O 7. O-O c6 8. h3
a5 9. Re1 Nb6 10. Ba2 Nfd7 11. dxe5 dxe5 12. Be3 Qc7 13. Ng5 Nf6 14. Qd3 Bb4
15. Red1 Bd7 16. Ne2 Be8 17. Qb3 Nbd7 18. c3 Bc5 19. Bxc5 Nxc5 20. Qc4 Qe7 21.
Ng3 g6 22. Qe2 h6 23. Nf3 Nxa4 24. Nh4 Kh7 25. Ngf5 Qc7 26. Qe3 Ng8 27. Nxg6
fxg6 28. Bxg8+ Kxg8 29. Nxh6+ Kg7 30. Rxa4 Bf7 31. Ng4 Bb3 32. Qh6+ Kg8 33.
Qxg6+ Kh8 34. Nf6 Rxf6 35. Qxf6+ Kg8 36. Rd3 1-0

[Event "23rd ETCC Open 2021"]
[Site "Catez"]
[Date "2021.11.12"]
[Round "1.56"]
[White "Risteski, Emil"]
[Black "Martinovic, Sasa"]
[Result "0-1"]
[ECO "B67"]
[WhiteElo "2315"]
[BlackElo "2542"]
[Annotator "ChessBase"]
[PlyCount "106"]
[EventDate "2021.11.08"]
[EventType "team-tourn"]
[EventCountry "SLO"]
[SourceTitle "playchess.com"]
[Source "ChessBase"]
[SourceQuality "1"]
[WhiteTeam "Macedonia"]
[BlackTeam "Croatia"]
[WhiteTeamCountry "MKD"]
[BlackTeamCountry "CRO"]
[TimeControl "40/5400+30:1800+30"]

1. e4 c5 2. Nf3 d6 3. d4 cxd4 4. Nxd4 Nf6 5. Nc3 Nc6 6. Bg5 e6 7. Qd2 a6 8.
O-O-O Bd7 9. f3 Nxd4 10. Qxd4 Be7 11. Kb1 Qc7 12. h4 b5 13. g4 O-O 14. Qd2 b4
15. Ne2 Rfc8 16. Ng3 Ba4 17. Bd3 Bb5 18. Nh5 Bxd3 19. Qxd3 Nxh5 20. gxh5 h6 21.
Bxe7 Qxe7 22. Qxd6 Qxd6 23. Rxd6 Rc5 24. Rc1 Rxh5 25. c4 bxc3 26. bxc3 Rxh4 27.
c4 Rh5 28. Rc3 Rc5 29. Kc2 a5 30. Kd3 Rac8 31. Rb6 e5 32. Rb5 h5 33. Rxc5 Rxc5
34. Rb3 h4 35. Rb5 Rxb5 36. cxb5 h3 37. b6 h2 38. b7 h1=Q 39. b8=Q+ Kh7 40.
Qxe5 Qb1+ 41. Kc4 Qxa2+ 42. Kb5 a4 43. Ka5 Qb3 44. Qf4 Kg8 45. Qh4 g6 46. Qd8+
Kh7 47. f4 a3 48. f5 Qc3+ 49. Kb5 Qe5+ 50. Kb4 a2 51. fxg6+ Kxg6 52. Qb6+ Kh7
53. Qb7 Qb2+ 0-1

[Event "23rd ETCC Open 2021"]
[Site "Catez"]
[Date "2021.11.12"]
[Round "1.58"]
[White "Mikhalevski, Victor"]
[Black "Dobrovoljc, Vid"]
[Result "1-0"]
[ECO "A23"]
[WhiteElo "2559"]
[BlackElo "2414"]
[Annotator "ChessBase"]
[PlyCount "47"]
[EventDate "2021.11.08"]
[EventType "team-tourn"]
[EventCountry "SLO"]
[SourceTitle "playchess.com"]
[Source "ChessBase"]
[SourceQuality "1"]
[WhiteTeam "Israel"]
[BlackTeam "Slovenia"]
[WhiteTeamCountry "ISR"]
[BlackTeamCountry "SLO"]
[TimeControl "40/5400+30:1800+30"]

1. c4 e5 2. g3 c6 3. Nf3 e4 4. Nd4 Nf6 5. Nc3 d5 6. cxd5 Qb6 7. Nb3 a5 8. d3 a4
9. Nd2 cxd5 10. dxe4 Nxe4 11. Ndxe4 dxe4 12. Bg2 Bc5 13. Nxe4 Bd4 14. e3 Be5
15. f4 Bxb2 16. Qc2 Bxa1 17. Qxc8+ Qd8 18. Nd6+ Ke7 19. Qxb7+ Qd7 20. Qxa8 Bc3+
21. Kf2 Qxd6 22. Qxa4 Kf6 23. Rd1 Qc7 24. Qa3 1-0

[Event "23rd ETCC Open 2021"]
[Site "Catez"]
[Date "2021.11.12"]
[Round "1.59"]
[White "Tisaj, Domen"]
[Black "Postny, Evgeny"]
[Result "0-1"]
[ECO "E43"]
[WhiteElo "2369"]
[BlackElo "2557"]
[Annotator "ChessBase"]
[PlyCount "82"]
[EventDate "2021.11.08"]
[EventType "team-tourn"]
[EventCountry "SLO"]
[SourceTitle "playchess.com"]
[Source "ChessBase"]
[SourceQuality "1"]
[WhiteTeam "Slovenia"]
[BlackTeam "Israel"]
[WhiteTeamCountry "SLO"]
[BlackTeamCountry "ISR"]
[TimeControl "40/5400+30:1800+30"]

1. d4 Nf6 2. c4 e6 3. Nc3 Bb4 4. e3 O-O 5. Nf3 b6 6. Bd3 Bb7 7. O-O c5 8. Qe2
Bxc3 9. bxc3 Be4 10. Bxe4 Nxe4 11. Qd3 d5 12. Rd1 cxd4 13. cxd4 Nc6 14. Nd2
Nxd2 15. Bxd2 Rc8 16. Rac1 e5 17. dxe5 dxc4 18. Qxc4 Nxe5 19. Qb3 Rxc1 20. Bxc1
Qc7 21. Ba3 Rd8 22. h3 Rxd1+ 23. Qxd1 Qd7 24. Qc2 Nd3 25. Qc4 b5 26. Qe4 h6 27.
Qa8+ Kh7 28. Qe4+ f5 29. Qe7 Qxe7 30. Bxe7 a5 31. Kf1 b4 32. Ke2 Nc1+ 33. Kd2
Nxa2 34. Bd8 a4 35. Be7 Kg6 36. f3 Kf7 37. Bc5 g6 38. Kc2 Ke6 39. Kb2 b3 40.
Bf8 h5 41. Bg7 Nb4 0-1

[Event "23rd ETCC Open 2021"]
[Site "Catez"]
[Date "2021.11.12"]
[Round "1.60"]
[White "Boruchovsky, Avital"]
[Black "Brilej, Jaka"]
[Result "1/2-1/2"]
[ECO "D31"]
[WhiteElo "2542"]
[BlackElo "2341"]
[Annotator "ChessBase"]
[PlyCount "72"]
[EventDate "2021.11.08"]
[EventType "team-tourn"]
[EventCountry "SLO"]
[SourceTitle "playchess.com"]
[Source "ChessBase"]
[SourceQuality "1"]
[WhiteTeam "Israel"]
[BlackTeam "Slovenia"]
[WhiteTeamCountry "ISR"]
[BlackTeamCountry "SLO"]
[TimeControl "40/5400+30:1800+30"]

1. d4 d5 2. c4 e6 3. Nc3 c6 4. e4 dxe4 5. Nxe4 Bb4+ 6. Nc3 Nf6 7. Nf3 O-O 8.
Be2 c5 9. O-O cxd4 10. Nxd4 Qe7 11. Be3 e5 12. Nb3 Bf5 13. a3 Rd8 14. Qc1 Bxc3
15. Qxc3 Nc6 16. Rad1 h6 17. h3 Ne4 18. Qc1 Ng5 19. Rxd8+ Rxd8 20. Rd1 Ne6 21.
Rd2 Ncd4 22. Bd1 Be4 23. Qc3 Qf6 24. Bg4 Nxb3 25. Qxb3 Rxd2 26. Bxd2 Qg6 27.
Qg3 h5 28. Be2 Nd4 29. Bf1 Qxg3 30. fxg3 f5 31. Kf2 Kf7 32. Bc3 Ke6 33. Ke3
Nc2+ 34. Kd2 Nd4 35. Ke3 Nc2+ 36. Kd2 Nd4 1/2-1/2

[Event "23rd ETCC Open 2021"]
[Site "Catez"]
[Date "2021.11.12"]
[Round "1.62"]
[White "Koykka, Pekka"]
[Black "Parligras, Mircea-Emilian"]
[Result "0-1"]
[ECO "C47"]
[WhiteElo "2353"]
[BlackElo "2576"]
[Annotator "ChessBase"]
[PlyCount "46"]
[EventDate "2021.11.08"]
[EventType "team-tourn"]
[EventCountry "SLO"]
[SourceTitle "playchess.com"]
[Source "ChessBase"]
[SourceQuality "1"]
[WhiteTeam "Finland"]
[BlackTeam "Romania"]
[WhiteTeamCountry "FIN"]
[BlackTeamCountry "ROU"]
[TimeControl "40/5400+30:1800+30"]

1. e4 e5 2. Nf3 Nc6 3. d4 exd4 4. Nxd4 Nf6 5. Nc3 Bb4 6. Nxc6 bxc6 7. Bd3 d5 8.
Bd2 O-O 9. O-O Rb8 10. exd5 cxd5 11. Be3 Bd6 12. Bxa7 Rb4 13. Be2 c5 14. a3 Rb7
15. Nb5 Qd7 16. b4 Rxb5 17. Bxb5 Qxa7 18. bxc5 Qxc5 19. Qe2 Bg4 20. Qd3 Bh5 21.
Ba4 Bg6 22. Qe2 Qd4 23. Bb5 Bxh2+ 0-1

[Event "23rd ETCC Open 2021"]
[Site "Catez"]
[Date "2021.11.12"]
[Round "1.63"]
[White "Jianu, Vlad-Cristian"]
[Black "Ronka, Erik"]
[Result "1-0"]
[ECO "D41"]
[WhiteElo "2522"]
[BlackElo "2321"]
[Annotator "ChessBase"]
[PlyCount "103"]
[EventDate "2021.11.08"]
[EventType "team-tourn"]
[EventCountry "SLO"]
[SourceTitle "playchess.com"]
[Source "ChessBase"]
[SourceQuality "1"]
[WhiteTeam "Romania"]
[BlackTeam "Finland"]
[WhiteTeamCountry "ROU"]
[BlackTeamCountry "FIN"]
[TimeControl "40/5400+30:1800+30"]

1. d4 d5 2. c4 e6 3. Nf3 Nf6 4. Nc3 c5 5. cxd5 Nxd5 6. e4 Nxc3 7. bxc3 cxd4 8.
cxd4 Bb4+ 9. Bd2 Bxd2+ 10. Qxd2 O-O 11. Bc4 Nd7 12. O-O b6 13. Rad1 Bb7 14.
Rfe1 Rc8 15. Bb3 Qf6 16. Re3 Qf4 17. Qe1 Nf6 18. g3 Qc7 19. Ne5 Nd7 20. Nd3 b5
21. f3 a5 22. a3 Rfd8 23. Nf4 Qb6 24. Kg2 Nf6 25. d5 a4 26. Ba2 g5 27. Nh3 h6
28. Red3 exd5 29. Bxd5 Nxd5 30. exd5 Rc2+ 31. R1d2 Qc5 32. Rxc2 Qxc2+ 33. Nf2
Qc5 34. Ne4 Qe7 35. Qc3 f5 36. d6 Qe6 37. Qc7 fxe4 38. Qxd8+ Kf7 39. Qc7+ Kg6
40. Qc2 exd3 41. Qxd3+ Kf7 42. d7 Qa2+ 43. Kh3 g4+ 44. Kh4 Qg2 45. Qh7+ Ke6 46.
d8=N+ Ke5 47. Qg7+ Kd5 48. Qxb7+ Kd4 49. Qe4+ Kc3 50. Qb4+ Kc2 51. Kxg4 Qxh2
52. Qxb5 1-0

[Event "23rd ETCC Open 2021"]
[Site "Catez"]
[Date "2021.11.12"]
[Round "1.64"]
[White "Kokkila, Tero"]
[Black "Gavrilescu, David"]
[Result "0-1"]
[ECO "B67"]
[WhiteElo "2283"]
[BlackElo "2514"]
[Annotator "ChessBase"]
[PlyCount "80"]
[EventDate "2021.11.08"]
[EventType "team-tourn"]
[EventCountry "SLO"]
[SourceTitle "playchess.com"]
[Source "ChessBase"]
[SourceQuality "1"]
[WhiteTeam "Finland"]
[BlackTeam "Romania"]
[WhiteTeamCountry "FIN"]
[BlackTeamCountry "ROU"]
[TimeControl "40/5400+30:1800+30"]

1. e4 c5 2. Nf3 d6 3. d4 cxd4 4. Nxd4 Nf6 5. Nc3 Nc6 6. Bg5 e6 7. Qd2 a6 8.
O-O-O Bd7 9. f4 b5 10. Nxc6 Bxc6 11. Qe1 Be7 12. h4 b4 13. Bxf6 gxf6 14. Nb1
Qa5 15. Bc4 Rc8 16. Qe2 Bb5 17. Bxb5+ axb5 18. Rh3 Rc5 19. Nd2 Qxa2 20. Nb3 Rc4
21. Rd4 Qa6 22. Kb1 Rg8 23. g4 Qa7 24. Rd1 Kd7 25. g5 Rgc8 26. gxf6 Bf8 27. Qh5
Kd8 28. Qxb5 Rxe4 29. Na5 Qd7 30. Nb7+ Kc7 31. Qd3 d5 32. Na5 Ra8 33. Nb3 Bd6
34. f5 Qa4 35. Rf3 Be5 36. Kc1 Qa2 37. fxe6 Qxb2+ 38. Kd2 Bc3+ 39. Qxc3+ bxc3+
40. Rxc3+ Kd6 0-1